 Dungeon Crawl Stone Soup version 0.29-a0-553-g81b289dbe5 (webtiles) character file.

Game seed: 7674285775535976046

20 pokeman the Magician (level 2, 0/16 HPs)
             Began as a Deep Elf Hedge Wizard on June 6, 2022.
             Succumbed to a kobold's poison
             ... on level 1 of the Dungeon.
             The game lasted 00:01:26 (1512 turns).

pokeman the Magician (Deep Elf Hedge Wizard)        Turns: 1512, Time: 00:01:27

Health: 0/16       AC:  4    Str:  7    XL:     2   Next: 58%
Magic:  13/18      EV: 11    Int: 18    God:
Gold:   54         SH:  0    Dex: 14    Spells: 9/10 levels left

rFire   + . .      SeeInvis .   a - +0 dagger
rCold   + . .      Faith    .   (no shield)
rNeg    . . .      Spirit   .   f - +0 leather armour
rPois   +          Reflect  .   e - +1 hat
rElec   +          Harm     .   (no cloak)
rCorr   +          Rampage  .   (no gloves)
Will    .....                   (no boots)
Stlth   ++........              (no amulet)
HPRegen 0.05/turn               h - ring of magical power
MPRegen 0.16/turn               (no ring)

@: brilliant, lethally poisoned (0 -> -1), resistant, very slightly contaminated
A: no striking features
a: no special abilities


You were on level 1 of the Dungeon.
You visited 1 branch of the dungeon, and saw 1 of its levels.

You collected 54 gold pieces.

Inventory:

Hand Weapons
 a - a +0 dagger (weapon)
 b - a +0 dagger of venom
Armour
 e - a +1 hat (worn)
 f - a +0 leather armour (worn)
Jewellery
 h - a ring of magical power (left hand)
Scrolls
 c - a scroll of silence {unknown}
 g - a scroll of enchant armour {unknown}
 i - a scroll of immolation {unknown}
Potions
 d - a potion of magic
 j - a potion of resistance


   Skills:
 + Level 0.5 Fighting
 + Level 0.5 Armour
 - Level 2.4 Dodging
 - Level 2.4 Stealth
 * Level 4.9 Spellcasting
 + Level 1.5 Conjurations
 - Level 1.1 Summonings
 - Level 1.1 Translocations


You had 9 spell levels left.
You knew the following spells:

 Your Spells              Type           Power      Damage    Failure   Level
a - Magic Dart            Conj           60%        1d6       11%         1

Your spell library contained the following spells:

 Spells                   Type           Power      Damage    Failure   Level
 Blink                    Tloc           24%        N/A       19%         2
 Call Imp                 Summ           12%        N/A       19%         2
 Slow                     Hex            24%        N/A       21%         1
 Call Canine Familiar     Summ           12%        N/A       36%         3
 Conjure Flame            Conj/Fire      10%        6-21      38%         3
 Mephitic Cloud           Conj/Pois/Air  9%         N/A       43%         3
 Portal Projectile        Hex/Tloc       18%        N/A       43%         3
 Leda's Liquefaction      Hex/Erth       3%         N/A       89%         4


Dungeon Overview and Level Annotations

Branches:
Dungeon (1/15)

Altars:


Message History

Aiming: Magic Dart (safe; 11% risk of failure)
Press: ? - help, Shift-Dir - straight line, f/p - kobold
Aim: a kobold, wielding a +0 dagger of venom and quivering stones (heavily wounded, 100% to hit)
You miscast Magic Dart.
Nothing appears to happen.
You feel very sick. The kobold hits you but does no damage.
Casting: Magic Dart (safe; 11% risk of failure)
Confirm with . or Enter, or press ? or * to list all spells.
Aiming: Magic Dart (safe; 11% risk of failure)
Press: ? - help, Shift-Dir - straight line, f/p - kobold
Aim: a kobold, wielding a +0 dagger of venom and quivering stones (heavily wounded, 100% to hit)
The magic dart hits the kobold but does no damage.
The kobold is heavily wounded.
You feel sick. The kobold misses you.
Casting: Magic Dart (safe; 11% risk of failure)
Confirm with . or Enter, or press ? or * to list all spells.
Aiming: Magic Dart (safe; 11% risk of failure)
Press: ? - help, Shift-Dir - straight line, f/p - kobold
Aim: a kobold, wielding a +0 dagger of venom and quivering stones (heavily wounded, 100% to hit)
The magic dart hits the kobold.
You kill the kobold!
You feel sick.
It was a potion of brilliance.
You feel clever all of a sudden.
You feel sick.
Okay, then.
It was a potion of resistance.
You feel protected.
* * * LOW HITPOINT WARNING * * *
You feel sick.
* * * LOW HITPOINT WARNING * * *
You feel sick.
Things that are here:
a +0 dagger of venom; 5 stones; a kobold corpse
b - a +0 dagger of venom
* * * LOW HITPOINT WARNING * * *
You feel sick.
* * * LOW HITPOINT WARNING * * *
You feel sick.
You die...

#.#.#.###.#####
#####.#.#.###.#####
#.....#.#>......[.[
##.#####.#.###.#####
#........# #.#
##..######.###.#####
#...(......#........
###.########.#....##
#@# ..........# #.#
####.##†..# #.#
#.##...# #.#
#.##...# #.#
#.##..)##
#.#.######.##.....
#........)........
###.######.###.###
#.#.#.#


There were no monsters in sight!

Vanquished Creatures
  A dart slug (D:1)
  2 ball pythons (D:1)
  A giant cockroach (D:1)
  A goblin (D:1)
  5 hobgoblins (D:1)
  3 kobolds (D:1)
  3 rats (D:1)
16 creatures vanquished.

Notes
Turn   | Place    | Note
-------+----------+-------------------------------------------
     0 | D:1      | pokeman the Deep Elf Hedge Wizard began the quest for the
                  | Orb.
     0 | D:1      | Reached XP level 1. HP: 10/10 MP: 7/7
   413 | D:1      | Reached XP level 2. HP: 15/15 MP: 6/9
  1512 | D:1      | Succumbed to a kobold's poison

Illustrated notes

Levels and vault maps discovered:
D:1:      dpeg_arrival_simpleton_c, layout_basic, minmay_misc_feat_more_columns

Action                   || total
-------------------------++-------
 Cast: Magic Dart        ||    61
  Use: Potion            ||     2
Armor: Robe              ||     1
       Leather armour    ||     1
Dodge: Dodged            ||    11

Table legend: (Time is in decaauts)
 A = Elapsed time spent in this place.
 B = Non-inter-level travel time spent in this place.
 C = Inter-level travel time spent in this place.
 D = Time resting spent in this place.
 E = Time spent auto-exploring this place.
 F = Levels seen in this place.
 G = Mean time per level.
                   A        B        C        D        E       F      G
               +--------+--------+--------+--------+--------+-----+--------+
         Total |   1511 |   1511 |      0 |      0 |   1369 |   1 | 1511.0 |
       Dungeon |   1511 |   1511 |      0 |      0 |   1369 |   1 | 1511.0 |
               +--------+--------+--------+--------+--------+-----+--------+

Top non-repeatable levels by time:
     D:1: 1511 daAuts
